 Dungeon Crawl Stone Soup version 0.32-a0-571-gec57dfcd37 (webtiles) character file.

Game seed: 2629763672789739202

1651120 gimp the Sorcerer (level 26, 152/152 HPs)
             Began as a Deep Elf Conjurer on Mar 1, 2024.
             Was the Champion of Vehumet.
             Escaped with the Orb
             ... and 3 runes!
             The game lasted 04:08:32 (71228 turns).

gimp the Sorcerer (Deep Elf Conjurer)              Turns: 71228, Time: 04:08:33

Health: 152/152    AC: 17    Str:  6    XL:     26   Next: 50%
Magic:  63/63      EV: 20    Int: 43    God:    Vehumet [******]
Gold:   4467       SH: 20    Dex: 18    Spells: 9/75 levels left

rFire   + + +        a - staff of True Grit {rElec rC+ MP+9 Int+3 Conj Air}
rCold   + + +        D - +5 kite shield {rC+}
rNeg    + + .        F - +3 leather armour {rC+ rF+}
rPois   +            k - +2 helmet {SInv}
rElec   +            s - +1 cloak of the Ditch-Digger {rPois rF+ rN+}
rCorr   +            m - +2 pair of gloves {Dex+3}
SInv    +            e - +2 pair of boots {rampage}
Will    +++++        w - amulet of the Four Winds {rN+ Will+++ Clar}
Stlth   +            x - ring "Amasograud" {rPois rF+ Will+ rCorr Dex+2}
HPRegen 0.45/turn    P - +6 ring of intelligence
MPRegen 0.38/turn

%: clarity, rampage
@: no status effects
A: talons 1, see invisible, clarity, persistent drain
0: Orb of Zot
}: 3/15 runes: serpentine, barnacled, slimy
a: Renounce Religion


You escaped.
You worshipped Vehumet.
Vehumet was exalted by your worship.
You visited 11 branches of the dungeon, and saw 52 of its levels.
You visited 1 bazaar.
You also visited: Bailey and Ice Cave.

You collected 9912 gold pieces.
You spent 5445 gold pieces at shops.

Inventory:

Missiles
 p - 11 curare-tipped darts
 C - 14 throwing nets
Armour
 e - a +2 pair of boots of rampaging (worn)
 k - a +2 helmet of see invisible (worn)
 l - the +2 cloak of Lucidity {^Drain rElec Str+4}
   (You found it on level 3 of the Elven Halls)

   Str+4:     It affects your strength (+4).
   rElec:     It insulates you from electricity.
   ^Drain:    It drains your maximum health when unequipped.
 m - a +2 pair of gloves of dexterity (worn)
 s - the +1 cloak of the Ditch-Digger (worn) {rPois rF+ rN+}
   (You found it on level 3 of the Elven Halls)

   rF+:       It protects you from fire.
   rPois:     It protects you from poison rN+: It protects you from negative
   energy.
 D - a +5 kite shield of cold resistance (worn)
 F - a +3 leather armour of resistance (worn)
Magical Staves
 a - the staff of True Grit (weapon) {rElec rC+ MP+9 Int+3 Conj Air}
   (You found it on level 3 of the Realm of Zot)

   [staff of air]

   Base accuracy: +5 Base damage: 5 Base attack delay: 1.2 This weapon's minimum
   attack delay (0.6) is reached at skill level 12.
   Int+3:     It affects your intelligence (+3).
   rC+:       It protects you from cold.
   rElec:     It insulates you from electricity.
   MP+9:      It affects your magic capacity (+9).
   Conj:      It increases the power of your Conjurations spells.
   Air:       It increases the power of your Air spells.
   It falls into the 'Staves' category.
   It is a one-handed weapon.
Jewellery
 w - the amulet of the Four Winds (around neck) {rN+ Will+++ Clar}
   (You bought it in a shop on level 1 of the Snake Pit)

   [amulet of nothing]

   rN+:       It protects you from negative energy.
   Will+++:   It greatly increases your willpower.
   Clar:      It protects you from confusion, rage, mesmerisation and fear.
 x - the ring "Amasograud" (left hand) {rPois rF+ Will+ rCorr Dex+2}
   (You acquired it on level 4 of the Pits of Slime)

   [ring of poison resistance]

   Dex+2:     It affects your dexterity (+2).
   rF+:       It protects you from fire.
   rPois:     It protects you from poison Will+: It increases your willpower.
   rCorr:     It protects you from acid and corrosion.
 H - the ring "Womi" {rElec rPois rC+ AC+4 SInv}
   (You found it on level 5 of the Pits of Slime)

   [ring of protection]

   AC+4:      It affects your AC (+4).
   rC+:       It protects you from cold.
   rElec:     It insulates you from electricity.
   rPois:     It protects you from poison SInv: It lets you see invisible.
 J - a ring of positive energy
 N - a ring of flight
 P - a +6 ring of intelligence (right hand)
Wands
 j - a wand of flame (162)
 B - a wand of digging (24)
 I - a wand of iceblast (25)
 S - a wand of acid (31)
Scrolls
 f - 3 scrolls of blinking
 g - 5 scrolls of summoning
 i - 26 scrolls of teleportation
 o - 3 scrolls of fear
 r - 8 scrolls of immolation
 v - 7 scrolls of poison
 G - 7 scrolls of fog
 O - 6 scrolls of amnesia
 V - 2 scrolls of enchant armour
Potions
 c - 5 potions of haste
 d - 2 potions of ambrosia
 n - 20 potions of curing
 q - 11 potions of heal wounds
 u - 11 potions of mutation
 y - 3 potions of magic
 z - 5 potions of invisibility
 A - 8 potions of enlightenment
 L - 3 potions of cancellation
 W - 4 potions of resistance
 Y - 10 potions of brilliance
Miscellaneous
 h - a sack of spiders
 K - a condenser vane
 Q - a phantom mirror
 X - a lightning rod (4/4)
 Z - a phial of floods


   Skills:
 * Level 11.6 Fighting
 - Level 17.0 Dodging
 - Level 2.4 Stealth
 - Level 18.0 Shields
 - Level 25.0 Spellcasting
 - Level 24.0 Conjurations
 + Level 21.7 Fire Magic
 - Level 22.0 Air Magic
 - Level 8.0 Alchemy


You had 9 spell levels left.
You knew the following spells:

 Your Spells              Type           Power      Damage    Failure   Level
a - Stone Arrow           Conj/Erth      100%       3d13      0%          3
b - Chain Lightning       Conj/Air       90%        3d120     2%          9
d - Iskenderun's Mystic   Conj/Tloc      100%       2d19      1%          4
e - Maxwell's Capacitive  Air            76%        ∞         1%          8
f - Fire Storm            Conj/Fire      77%        8d19      2%          9
g - Irradiate             Conj/Alch      68%        3d34      1%          5
h - Apportation           Tloc           100%       N/A       1%          1
j - Fireball              Conj/Fire      77%        3d29      0%          5
k - Plasma Beam           Fire/Air       76%        2x1d93    0%          6
l - Magic Dart            Conj           100%       1d8       0%          1
m - Orb of Destruction    Conj           78%        9d18      1%          7
n - Ignition              Fire           63%        3d17      1%          8

Your spell library contained the following spells:

 Spells                   Type           Power      Damage    Failure   Level
 Polar Vortex             Ice            26%        12d3*     100%        9
 Shatter                  Erth           26%        3d22*     100%        9
 Kiss of Death            Conj/Necr      100%       2d13      0%          1
 Shock                    Conj/Air       100%       1d9       0%          1
 Sting                    Conj/Alch      100%       1d9       0%          1
 Mercury Vapours          Alch/Air       100%       N/A       0%          2
 Scorch                   Fire           100%       2d9       0%          2
 Searing Ray              Conj           100%       2d8       0%          2
 Dazzling Flash           Conj/Hex       100%       N/A       0%          3
 Hailstorm                Conj/Ice       100%       3d16      0%          3
 Mephitic Cloud           Conj/Alch/Air  100%       N/A       0%          3
 Swiftness                Air            100%       N/A       0%          3
 Airstrike                Air            76%        2d(11-27) 0%          4
 Flame Wave               Conj/Fire      100%       2d21      0%          4
 Fulminant Prism          Conj/Alch      68%        3d28      0%          4
 Sticky Flame             Fire/Alch      100%       2d15      0%          4
 Arcjolt                  Conj/Air       90%        1d100     0%          5
 Iskenderun's Battlesphe  Conj           100%       2d15      0%          5
 Conjure Ball Lightning   Conj/Air       90%        3x3d35    0%          6
 Starburst                Conj/Fire      77%        6d20      0%          6
 Freeze                   Ice            100%       1d10      1%          1
 Necrotise                Necr           100%       1d9       1%          1
 Sandblast                Erth           100%       2d20      1%          1
 Slow                     Hex            100%       N/A       1%          1
 Summon Small Mammal      Summ           100%       N/A       1%          1
 Cigotuvi's Dreadful Rot  Necr/Alch/Air  100%       N/A       1%          2
 Ensorcelled Hibernation  Hex/Ice        100%       N/A       1%          2
 Jinxbite                 Hex            100%       N/A       1%          2
 Lesser Beckoning         Tloc           100%       N/A       1%          2
 Frozen Ramparts          Ice            100%       1d16      1%          3
 Inner Flame              Hex/Fire       99%        N/A       1%          3
 Volatile Blastmotes      Fire/Tloc      100%       2d18      1%          3
 Brom's Barrelling Bould  Conj/Erth      100%       2d11      1%          4
 Olgreb's Toxic Radiance  Alch           89%        N/A       1%          4
 Vhi's Electric Charge    Tloc/Air       100%       N/A       1%          4
 Alistair's Intoxication  Alch           59%        N/A       1%          5
 Freezing Cloud           Conj/Ice/Air   80%        6-21      1%          5
 Silence                  Hex/Air        61%        N/A       1%          5
 Yara's Violent Unravell  Hex/Alch       36%        3d15      1%          5
 Eringya's Noxious Bog    Alch           44%        4d6       1%          6
 Call Canine Familiar     Summ           52%        N/A       3%          3
 Confusing Touch          Hex            52%        N/A       3%          3
 Fugue of the Fallen      Necr           52%        N/A       3%          3
 Gell's Gravitas          Tloc           52%        N/A       3%          3
 Ozocubu's Armour         Ice            52%        N/A       3%          3
 Passwall                 Erth           52%        N/A       3%          3
 Sigil of Binding         Hex            52%        N/A       3%          3
 Summon Ice Beast         Ice/Summ       52%        N/A       3%          3
 Teleport Other           Tloc           52%        N/A       3%          3
 Tukima's Dance           Hex            52%        N/A       3%          3
 Vampiric Draining        Necr           52%        2d9       3%          3
 Anguish                  Hex/Necr       26%        N/A       11%         4
 Cause Fear               Hex            26%        N/A       11%         4
 Dimensional Bullseye     Hex/Tloc       26%        N/A       11%         4
 Dispel Undead            Necr           52%        3d19      11%         4
 Manifold Assault         Tloc           52%        N/A       11%         4
 Martyr's Knell           Necr/Summ      52%        N/A       11%         4
 Passage of Golubria      Tloc           52%        N/A       11%         4
 Lehudib's Crystal Spear  Conj/Erth      62%        10d14     13%         8
 Borgnjor's Vile Clutch   Necr/Erth      26%        N/A       28%         5
 Curse of Agony           Necr           52%        N/A       28%         5
 Metabolic Englaciation   Hex/Ice        26%        N/A       28%         5
 Summon Forest            Summ/Tloc      26%        N/A       28%         5
 Summon Mana Viper        Hex/Summ       52%        N/A       28%         5
 Sculpt Simulacrum        Ice/Alch       36%        N/A       30%         6
 Death Channel            Necr           26%        N/A       85%         6
 Summon Cactus Giant      Summ           26%        N/A       85%         6
 Enfeeble                 Hex            26%        N/A       100%        7
 Monstrous Menagerie      Summ           26%        N/A       100%        7
 Discord                  Hex            26%        N/A       100%        8
 Disjunction              Tloc           26%        N/A       100%        8


Dungeon Overview and Level Annotations

Branches:
Dungeon (15/15)            Temple (1/1) D:7            Lair (5/5) D:10
 Shoals (4/4) Lair:3        Snake (4/4) Lair:2        Slime (5/5) Lair:4
    Orc (2/2) D:12            Elf (3/3) Orc:2        Vaults (4/5) D:13
  Crypt (0/3) Vaults:3     Depths (4/4) D:15            Zot (5/5) Depths:4
 Bailey (visited)           IceCv (visited)

Altars:
Ashenzari
Cheibriados
Dithmenos
Elyvilon
Fedhas
Gozag
Hepliaklqana
Kikubaaqudgha
Makhleb
Nemelex Xobeh
Okawaru
Qazlal
Ru
Sif Muna
Trog
Uskayaw
Vehumet
Wu Jian
Xom
Yredelemnul
Zin
The Shining One
Jiyva
Lugonu

Shops:
D:1 :   D:4 :   D:12 (   Orc:2 :?([[(   Elf:2 ?*   Shoals:4 (:   Snake:1 =:=
Vaults:2 [   Vaults:3 (   Depths:4 *

Portals:
Hell: Depths:1 Depths:2 Depths:3 Depths:4
Abyss: Depths:1 Depths:2 Depths:3
Pandemonium: Depths:2
Ziggurat: Depths:3

Annotations:
Shoals:3 1 runed translucent door, exclusion: door, Esekla's ghost, adept OpDe
Elf:2 3 runed translucent doors, exclusion: 3 doors
Zot:4 2 transporters, Herr's ghost, veteran MiBe


Innate Abilities, Weirdness & Mutations

You have sharp toenails.
You have supernaturally acute eyesight. (SInv)
You possess an exceptional clarity of mind.
Your health recovers twice as slowly from being drained.


Message History

An Executioner and a large abomination come into view.
The Executioner gives a hideous shriek!
The Executioner gestures.
The Executioner seems to speed up.
The Executioner hits you. You block the Executioner's attack. x2
You take 6 damage, and have 145/151 hp.
Blink to where?
Press: ? - help, Dir - move target
As you read the scroll of blinking, it crumbles to dust.
There is a stone staircase leading up here.
The Executioner hits you but does no damage.
You block the Executioner's attack. x3
The Executioner hits you but does no damage.
The Executioner misses you.
You climb upwards.
There is a stone staircase leading down here.
What level of the Dungeon? (default 1, ? - help)
There is a stone staircase leading up here.
You climb upwards.
HP restored.
There is a stone staircase leading down here.
You see here a +0 scimitar.
There is a stone staircase leading up here.
You climb upwards.
There is a stone staircase leading down here.
An Orb Guardian comes into view.
Health restored: 151
Casting: Plasma Beam (safe; 0% risk of failure)
Press: ? - help, Q - select action, (/) - cycle Dir - look around, f - activate You feel a surge of power!
The bolt of lightning hits the Orb Guardian!!!!
You kill the Orb Guardian!
Vehumet accepts your kill.
You feel your power returning.
Health restored: 152
There is a stone staircase leading up here.
You climb upwards.
There is a stone staircase leading down here.
Items here: )))))) ÷÷÷.
Things that are here:
a +0 giant club; a +0 giant club
Items here: )) ÷÷.
There is a stone staircase leading up here.
You climb upwards.
A cherub comes into view.
It is wielding a +3 falchion of flaming.
There is a stone staircase leading down here.
The cherub moves out of view.
There is a stone staircase leading up here.
You climb upwards.
There is a stone staircase leading down here.
There is a stone staircase leading up here.
You climb upwards.
There is a stone staircase leading down here.
An Executioner and 2 large abominations come into view.
The Executioner moves out of view.
The large abomination moves out of view.
There is a stone staircase leading up here.
You climb upwards.
There is a stone staircase leading down here.
There is a stone staircase leading up here.
You climb upwards.
There is a stone staircase leading down here.
There is a stone staircase leading up here.
You climb upwards.
There is a stone staircase leading down here.
A blizzard demon comes into view.
The blizzard demon shouts!
The blizzard demon gestures at you. The bolt of lightning hits you! You resist.
You take 8 damage, and have 144/152 hp.
Blink to where?
Press: ? - help, Dir - move target
As you read the scroll of blinking, it crumbles to dust.
You climb upwards.
There is a stone staircase leading down here.
You see here a jackal skeleton.
Things that are here:
a +0 dagger; an orc skeleton You see here a +0 flail.
HP restored.
There is a stone staircase leading up here.
You climb upwards.
There is a stone staircase leading down here.
You see here a +0 hand axe.
There is a stone staircase leading up here.
You climb upwards.
There is a stone staircase leading down here.
There is an escape hatch in the floor here.
There is an open door here.
Things that are here:
a +0 dagger; a hobgoblin skeleton
Things that are here:
a +0 club; a hobgoblin skeleton
There is a stone staircase leading up here.
You climb upwards.
There is a stone staircase leading down here.
You see here a +0 dagger.
There is a dry fountain here.
There is a staircase leading out of the dungeon here.
Health restored: 152 You have escaped!

..####......................###
..##...##.####.####.####.##...##
..#..###...##...##...##...###..#
..#.## #.⌠.##.⌠.##.⌠.##.⌠.# ##.#
..#.####...##...##...##...####.#
..#...###.####.####.####.###...#
..#.⌠.###.####.####.####.###.⌠.#
..#............................#
..##.##.........@..........##.##
..#............................#
.)#.⌠.###.####.####.####.###.⌠.#
..#...###.####.####.####.###...#
###.####...##...##...##...####.#
# #.## #.⌠.##.⌠.##.⌠^##.⌠.# ##.#
###..###...##...##...##...###..#
.###....#.####.####.####.##...##
.# ###......................###


There were no monsters in sight!

Vanquished Creatures
  the Royal Jelly (Slime:5)
  5 dread liches (Zot:5)
  Frederick (Depths:3)
  An ancient lich (Zot:5)
  4 orbs of fire
  Mennas (Vaults:4)
  Mara (Snake:4)
  A juggernaut (Depths:4)
  Parghit (Zot:1)
  6 Killer Klowns
  Boris (Vaults:2)
  Vashnia (Snake:4)
  A caustic shrike (Depths:1)
  5 golden dragons
  Jory (Vaults:2)
  Nikola (Depths:2)
  Norris (Elf:1)
  An electric golem (Zot:5)
  A hellephant (Depths:3)
  A Tzitzimitl (Zot:5)
  Jorgrun (D:15)
  17 tentacled monstrosities
  An Ice Fiend (Zot:5)
  4 liches
  27 Orb Guardians
  A walking earthen tome (Depths:2)
  4 quicksilver dragons
  A titan (Depths:2)
  Asterion (Depths:2)
  A walking divine tome (Depths:1)
  15 acid blobs
  5 sphinxes
  The ghost of Triskal the Basher, an adept TrGl of Okawaru (Elf:3)
  2 deep elf blademasters (Elf:3)
  2 deep elf master archers (Elf:3)
  A kraken (Shoals:4)
  Frances (Elf:1)
  Agnes (D:15)
  8 tengu reavers
  8 shadow dragons
  Aizul (Snake:4)
  8 death cobs
  2 protean progenitors (Zot:3)
  3 fenstrider witches (Depths:3)
  12 azure jellies
  17 nagarajas
  8 rockslimes
  11 storm dragons
  14 fire giants
  3 draconian monks
  2 iron dragons (Depths:4)
  4 frost giants
  11 deep elf sorcerers (Elf:3)
  3 ghost moths
  6 deep elf elementalists
  9 draconian knights
  8 draconian scorchers
  4 draconian shifters
  A balrug (Depths:2)
  11 vault wardens
  An orc warlord (Vaults:3)
  12 draconian annihilators
  11 quicksilver oozes
  2 reapers (Depths:4)
  A draconian stormcaller (Zot:1)
  13 ironbound preservers
  A cacodemon (Zot:3)
  20 very ugly things
  5 formless jellyfish
  A vampire knight (Depths:1)
  8 ironbound thunderhulks
  10 stone giants
  13 green draconians
  7 yellow draconians
  Nessos (D:13)
  5 deep elf demonologists (Elf:3)
  7 black draconians
  6 deep elf death magi
  6 deep elf annihilators
  4 war gargoyles
  9 white draconians
  18 red draconians
  10 purple draconians
  2 eleionomae (Depths:3)
  13 dire elephants
  Azrael (Snake:1)
  7 spark wasps
  10 fire dragons
  2 crystal guardians
  11 ettins
  8 merfolk impalers
  Snorg (D:10)
  2 jiangshi (Depths:1)
  9 yaktaur captains
  3 deep elf high priests (Elf:3)
  Josephine (D:14)
  5 merfolk javelineers
  3 rakshasas
  Harold (D:11)
  2 entropy weavers
  9 great orbs of eyes
  10 hydras
  Fannar (D:10)
  6 vault guards
  An ogre mage (D:11)
  5 peacekeepers
  7 catoblepae
  7 anacondas
  An anaconda (shapeshifter) (Vaults:3)
  10 ice dragons
  8 ironbound frosthearts
  7 merfolk avatars
  6 merfolk aquamancers
  6 salamander tyrants
  3 boulder beetles
  6 alligator snapping turtles
  2 spriggan air magi
  3 two-headed ogres
  10 dancing weapons
  23 centaur warriors
  17 death yaks (Lair:5)
  7 tengu warriors
  A death knight (Vaults:3)
  12 deep troll shamans
  3 vampire magi
  6 satyrs
  12 deep troll earth magi
  6 hell hogs (Depths:3)
  21 naga warriors
  Urug (Lair:4)
  5 orc high priests
  2 spriggan berserkers (Depths:2)
  6 shock serpents
  3 occultists
  8 hell knights
  6 deep elf knights
  25 naga sharpshooters
  A soul eater (Depths:2)
  8 skysharks
  2 sixfirhies (Zot:3)
  6 salamander mystics
  Amaemon (Lair:2)
  62 deep trolls
  Lodul (D:11)
  10 iron trolls
  14 sea snakes
  8 naga ritualists
  A glowing orange brain (shapeshifter) (Vaults:2)
  An obsidian statue (IceCv)
  19 mana vipers
  Pikel (D:6)
  An orange crystal statue (Zot:5)
  A bog body (IceCv)
  A spriggan druid (Depths:3)
  2 flayed ghosts
  8 glowing orange brains
  A spriggan simulacrum (IceCv)
  15 deep elf archers
  18 ironbound convokers
  4 lindwurms
  5 orc knights (Orc:2)
  2 phantasmal warriors
  5 thermic dynamos
  19 deep elf zephyrmancers
  15 arcanists
  19 deep elf pyromancers
  30 harpies
  A fire giant zombie (Depths:1)
  3 orc sorcerers (Orc:2)
  A wolf spider (D:12)
  9 necromancers
  5 shining eyes
  A cyclops (shapeshifter) (Elf:3)
  20 manticores
  An oklob plant (Lair:3)
  9 cyclopes
  Maurice (D:10)
  24 moths of wrath
  55 ugly things
  14 elephants
  13 salamanders
  17 fauns
  A frost giant skeleton (Depths:1)
  3 meliai (D:14)
  3 kobold blastminers (Orc:2)
  11 merfolk sirens
  7 guardian serpents
  47 black mambas
  A smoke demon (Depths:2)
  A titan simulacrum (Depths:1)
  An eye of devastation (Slime:5)
  13 naga magi
  9 water nymphs
  10 vault sentinels
  2 orange demons
  7 cane toads
  3 efreet
  Maggie (D:9)
  3 kobold demonologists
  2 unseen horrors
  5 rime drakes
  A tormentor (Depths:2)
  3 anaconda simulacra (IceCv)
  5 komodo dragons
  2 ice devils (IceCv)
  5 tengu conjurers
  23 yaktaurs
  3 golden dragon simulacra (IceCv)
  14 freezing wraiths
  8 trolls
  6 alligator simulacra (IceCv)
  35 merfolk
  A glass eye (shapeshifter) (D:15)
  Grinder (D:6)
  4 human skeletons (Vaults:1)
  3 hornets
  A polar bear (Lair:4)
  4 glass eyes
  A polar bear (shapeshifter) (D:12)
  6 wind drakes
  7 dream sheep (Shoals:4)
  11 blink frogs
  17 snapping turtles
  A raiju (shapeshifter) (D:13)
  An iron dragon simulacrum (Depths:1)
  67 slime creatures
  3 air elementals
  4 shadows
  3 spriggans
  3 vampires
  16 water elementals
  A ynoxinul (Depths:3)
  56 yaks
  10 wraiths
  7 basilisks
  5 humans (D:13)
  11 golden eyes
  3 fire elementals
  2 wargs (Orc:2)
  A minotaur simulacrum (IceCv)
  8 wyverns
  2 redbacks (Vaults:2)
  A steam dragon (Lair:3)
  6 harpy simulacra (IceCv)
  6 vampire mosquitoes
  4 acid dragons
  48 nagas
  15 water moccasins
  3 hell hounds (Snake:1)
  3 hydra simulacra (IceCv)
  A water moccasin (shapeshifter) (D:15)
  3 black bears (Lair:5)
  23 orc warriors
  2 sky beasts
  An ettin simulacrum (IceCv)
  4 ice beasts
  13 ogres
  8 wolves
  18 centaurs
  4 boggarts
  11 kobold brigands
  A phantom (D:3)
  4 lemures (D:6)
  13 bullfrogs
  4 earth elementals
  4 gnoll sergeants
  2 deep troll simulacra (IceCv)
  A scorpion (D:6)
  10 wights
  5 lindwurm simulacra (IceCv)
  12 killer bees
  13 electric eels
  7 howler monkeys
  A jelly (D:6)
  2 lava snakes (D:14)
  A bombardier beetle (D:6)
  8 hounds
  9 orc priests
  6 iguanas
  3 sleepcaps
  Jessica (D:2)
  22 orc wizards
  5 hell rats (Lair:5)
  Robin (D:2)
  5 gnolls (Bailey)
  8 adders
  4 shadow imps (D:6)
  2 white imps
  An ufetubus (D:6)
  A ribbon worm (D:2)
  57 orcs
  6 ball pythons
  7 endoplasms
  3 giant cockroaches
  21 goblins
  18 hobgoblins
  5 jackals
  5 quokkas
  8 bats
  8 frilled lizards
  23 kobolds
  7 rats
  2 tentacles (Shoals:4)
2250 creatures vanquished.

Vanquished Creatures (collateral kills)
  An orb of fire (Zot:5)
  Erolcha (D:9)
  A sea snake (Shoals:4)
  A merfolk siren (Shoals:4)
  A kobold (D:9)
5 creatures vanquished.

Vanquished Creatures (others)
  An electric golem (Zot:5)
  An ironbound preserver (Vaults:2)
  2 goliath frogs (Zot:5)
  An orc priest (Orc:2)
  5 fire vortices (Zot:3)
  82 fulminant prisms
  10 tentacles (Shoals:4)
102 creatures vanquished.

Grand Total: 2357 creatures vanquished

Notes
Turn   | Place    | Note
-------+----------+-------------------------------------------
     0 | D:1      | gimp the Deep Elf Conjurer began the quest for the Orb.
     0 | D:1      | Reached XP level 1. HP: 10/10 MP: 6/6
   235 | D:1      | Reached XP level 2. HP: 15/15 MP: 6/8
   962 | D:1      | Found Nibeedon's Book Shoppe.
   997 | D:1      | Reached skill level 4 in Spellcasting
  1083 | D:1      | Reached skill level 5 in Conjurations
  1083 | D:1      | Reached XP level 3. HP: 19/19 MP: 5/10
  1812 | D:2      | Reached XP level 4. HP: 24/24 MP: 10/12
  1921 | D:2      | Noticed Jessica
  1925 | D:2      | Killed Jessica
  1926 | D:2      | Reached skill level 5 in Spellcasting
  1969 | D:2      | Noticed Robin
  2088 | D:2      | Killed Robin
  2214 | D:2      | Learned a level 2 spell: Searing Ray
  2219 | D:2      | Learned a level 4 spell: Fulminant Prism
  2224 | D:2      | Learned a level 4 spell: Iskenderun's Mystic Blast
  2367 | D:2      | Reached XP level 5. HP: 15/28 MP: 5/15
  3019 | D:3      | Noticed a phantom
  3023 | D:3      | Killed a phantom
  3024 | D:3      | Reached skill level 6 in Spellcasting
  3317 | D:4      | Reached XP level 6. HP: 32/32 MP: 9/17
  3373 | D:4      | Found Sollizan's Tremendous Tomes.
  3613 | D:4      | Found an iron altar of Okawaru.
  3799 | D:4      | Found a shadowy altar of Dithmenos.
  3846 | D:4      | Found a snail-covered altar of Cheibriados.
  4151 | D:4      | Reached skill level 7 in Spellcasting
  4267 | D:5      | Entered Level 5 of the Dungeon
  4268 | D:5      | Identified the +0 leather armour "Orerph" {Harm}
  4386 | D:5      | Noticed a water moccasin
  4396 | D:5      | Killed a water moccasin
  4397 | D:5      | Reached XP level 7. HP: 36/36 MP: 8/20
  4638 | D:5      | Reached skill level 8 in Spellcasting
  4961 | D:5      | Found a white marble altar of Elyvilon.
  5449 | D:5      | Reached skill level 9 in Spellcasting
  5771 | D:6      | Reached XP level 8. HP: 41/41 MP: 16/23
  5838 | D:6      | Noticed Grinder
  5845 | D:6      | Killed Grinder
  5851 | D:6      | Reached skill level 10 in Spellcasting
  6287 | D:6      | Learned a level 4 spell: Flame Wave
  6311 | D:6      | Noticed Pikel
  6321 | D:6      | Killed Pikel
  6322 | D:6      | Reached skill level 11 in Spellcasting
  6322 | D:6      | Reached XP level 9. HP: 29/45 MP: 1/26
  6953 | D:6      | Found a shimmering blue altar of Sif Muna.
  7311 | D:6      | Reached skill level 5 in Dodging
  7524 | D:7      | Found the +7 Throatcutter {drain, coup de grace}
  7524 | D:7      | Noticed a kobold demonologist
  7524 | D:7      | Noticed a kobold demonologist
  7532 | D:7      | Noticed a hellwing
  7538 | D:7      | Killed a kobold demonologist
  7539 | D:7      | Reached skill level 12 in Spellcasting
  7540 | D:7      | Killed a kobold demonologist
  7541 | D:7      | Reached skill level 5 in Fire Magic
  7722 | D:7      | Found a flagged portal.
  7771 | Bailey   | Entered a bailey
  7834 | Bailey   | Reached XP level 10. HP: 50/50 MP: 16/28
  8002 | Bailey   | Learned a level 4 spell: Sticky Flame
  8123 | Bailey   | Reached skill level 13 in Spellcasting
  8247 | Bailey   | Noticed an orc high priest
  8252 | Bailey   | Noticed a rust devil
  8265 | Bailey   | Killed an orc high priest
  8386 | Bailey   | Noticed an orc high priest
  8399 | Bailey   | Killed an orc high priest
  8846 | Bailey   | Found an iron altar of Okawaru.
  8851 | Bailey   | Identified the +8 morningstar of the Sandy God {heavy,
                  | Str+4}
  9133 | Bailey   | Acquired the ring "Ukhu Ica" {Ice *Slow rPois Will++ Dex+3}
  9136 | Bailey   | Acquired a staff of air
  9138 | Bailey   | Acquired the Atlas of the Non-Euclidean Impact
  9146 | Bailey   | Learned a level 5 spell: Irradiate
  9880 | D:7      | Reached skill level 1 in Alchemy
 10044 | D:7      | Found a staircase to the Ecumenical Temple.
 10056 | Temple   | Entered the Ecumenical Temple
 10090 | Temple   | Became a worshipper of Vehumet
 10217 | D:7      | Reached skill level 14 in Spellcasting
 10503 | D:8      | Found an ancient bone altar of Kikubaaqudgha.
 10576 | D:8      | Reached skill level 1 in Fighting
 10853 | D:8      | Identified the amulet "Qieq" {Acrobat -Tele rElec Str+3
                  | SInv}
 10922 | D:8      | Reached * piety under Vehumet
 10922 | D:8      | Offered knowledge of Shock by Vehumet.
 11108 | D:8      | Found a stormy altar of Qazlal.
 11400 | D:9      | Reached XP level 11. HP: 57/57 MP: 26/31
 11529 | D:9      | Noticed Erolcha
 11550 | D:9      | Killed Erolcha
 11609 | D:9      | Noticed Maggie
 11632 | D:9      | Killed Maggie
 11800 | D:9      | Noticed a two-headed ogre
 11810 | D:9      | Killed a two-headed ogre
 12240 | D:9      | Reached ** piety under Vehumet
 12363 | D:9      | Offered knowledge of Scorch by Vehumet.
 12885 | D:9      | Found an ornate altar of the Wu Jian Council.
 12886 | D:9      | Found a shimmering altar of Xom.
 12887 | D:9      | Found a burning altar of Makhleb.
 12899 | D:9      | Found a broken altar of Ashenzari.
 13144 | D:9      | Learned a level 1 spell: Apportation
 13145 | D:10     | Entered Level 10 of the Dungeon
 13406 | D:10     | Reached skill level 15 in Spellcasting
 13406 | D:10     | Reached skill level 5 in Alchemy
 13452 | D:10     | Noticed Snorg
 13457 | D:10     | Killed Snorg
 13609 | D:10     | Noticed Maurice
 13627 | D:10     | Offered knowledge of Mephitic Cloud by Vehumet.
 13635 | D:10     | Killed Maurice
 13647 | D:10     | Learned a level 3 spell: Mephitic Cloud
 13800 | D:10     | Noticed Fannar
 13807 | D:10     | Killed Fannar
 13808 | D:10     | Reached skill level 1 in Air Magic
 13914 | D:10     | Noticed a cyan ugly thing
 13927 | D:10     | Killed a cyan ugly thing
 13928 | D:10     | Reached XP level 12. HP: 67/67 MP: 20/33
 14008 | D:10     | Reached *** piety under Vehumet
 14265 | D:10     | Found a glowing golden altar of the Shining One.
 14498 | D:10     | Found a staircase to the Lair.
 14677 | Lair:1   | Entered Level 1 of the Lair of Beasts
 14684 | Lair:1   | Reached skill level 5 in Fighting
 15126 | Lair:1   | Noticed a catoblepas
 15132 | Lair:1   | Reached skill level 16 in Spellcasting
 15161 | Lair:1   | Killed a catoblepas
 15507 | Lair:1   | Identified the +1 quarterstaff "Itybrosh" {holy, rElec rN+}
 15881 | Lair:2   | Noticed a six-headed hydra
 15911 | Lair:2   | Noticed a catoblepas
 15916 | Lair:2   | Killed a six-headed hydra
 16019 | Lair:2   | Offered knowledge of Dazzling Flash by Vehumet.
 16022 | Lair:2   | Noticed Amaemon
 16193 | Lair:2   | Reached skill level 10 in Dodging
 16310 | Lair:2   | Killed a catoblepas
 16420 | Lair:2   | Acquired 834 gold pieces
 16645 | D:4      | Bought the Elucidation of Battling and Accelerants for 1092
                  | gold pieces
 16652 | D:4      | Learned a level 5 spell: Fireball
 16945 | Lair:2   | Killed Amaemon
 17076 | Lair:2   | Found a staircase to the Snake Pit.
 17259 | Lair:2   | Reached skill level 17 in Spellcasting
 17966 | Lair:3   | Reached skill level 18 in Spellcasting
 17966 | Lair:3   | Reached XP level 13. HP: 62/72 MP: 9/37
 18429 | Lair:3   | Found a staircase to the Shoals.
 19073 | Lair:4   | Reached skill level 19 in Spellcasting
 19317 | Lair:4   | Reached **** piety under Vehumet
 19322 | Lair:4   | Noticed Urug
 19329 | Lair:4   | Offered knowledge of Volatile Blastmotes by Vehumet.
 19351 | Lair:4   | Killed Urug
 19516 | Lair:4   | Reached skill level 20 in Spellcasting
 19709 | Lair:4   | Found a staircase to the Slime Pits.
 20137 | Lair:5   | Entered Level 5 of the Lair of Beasts
 20412 | Lair:5   | Reached skill level 21 in Spellcasting
 21277 | Lair:5   | Reached skill level 22 in Spellcasting
 21349 | Lair:5   | Reached XP level 14. HP: 78/78 MP: 29/42
 21355 | Lair:5   | Reached ***** piety under Vehumet
 21378 | Lair:5   | Offered knowledge of Brom's Barrelling Boulder by Vehumet.
 21470 | Lair:5   | Reached skill level 23 in Spellcasting
 21767 | Lair:5   | Reached skill level 24 in Spellcasting
 22444 | D:11     | Noticed Harold
 22454 | D:11     | Killed Harold
 22764 | D:11     | Noticed Lodul
 22767 | D:11     | Killed Lodul
 23005 | D:11     | Found a snail-covered altar of Cheibriados.
 23056 | D:11     | Reached skill level 25 in Spellcasting
 23525 | D:11     | Got the Tome of Spectral Charms
 23545 | D:11     | Identified the serpent talisman "Geyg Cauh" {*Corrode rN+
                  | Str+3 Slay+3}
 23876 | D:12     | Found a staircase to the Orcish Mines.
 23907 | D:12     | Found Ukletrez's Antique Weapon Boutique.
 23953 | D:12     | Offered knowledge of Plasma Beam by Vehumet.
 23965 | D:12     | Learned a level 6 spell: Plasma Beam
 24231 | D:12     | Reached XP level 15. HP: 84/84 MP: 43/46
 24707 | Orc:1    | Entered Level 1 of the Orcish Mines
 25038 | Orc:2    | Entered Level 2 of the Orcish Mines
 25082 | Orc:2    | Reached skill level 5 in Air Magic
 25186 | Orc:2    | Found a staircase to the Elven Halls.
 25209 | Orc:2    | Found Wuoth's Self-Improvement Boutique.
 25266 | Orc:2    | Reached skill level 10 in Fire Magic
 25550 | Orc:2    | Found Esmoidae's Weapon Boutique.
 25715 | Orc:2    | Offered knowledge of Spellforged Servitor by Vehumet.
 25852 | Orc:2    | Found Ysatam's Magic Scroll Shoppe.
 25852 | Orc:2    | Found Naejait's Armour Boutique.
 25854 | Orc:2    | Found Zuxt's Antique Armour Boutique.
 25854 | Orc:2    | Found Tyvvyc's Weapon Shoppe.
 26192 | Orc:2    | Bought a pair of embroidered boots for 247 gold pieces
 26208 | Orc:2    | Bought a +0 helmet of see invisible for 138 gold pieces
 26224 | Orc:2    | Bought 2 scrolls of teleportation for 78 gold pieces
 26224 | Orc:2    | Bought a scroll of teleportation for 39 gold pieces
 26400 | D:13     | Noticed Nessos
 26404 | D:13     | Killed Nessos
 27119 | D:13     | Found a gate to the Vaults.
 27200 | D:14     | Noticed Josephine
 27203 | D:14     | Killed Josephine
 27804 | D:15     | Entered Level 15 of the Dungeon
 27813 | D:15     | Noticed Agnes
 27818 | D:15     | Killed Agnes
 27991 | D:15     | Noticed Jorgrun
 27999 | D:15     | Killed Jorgrun
 28245 | D:15     | Learned a level 3 spell: Stone Arrow
 28747 | D:15     | Found a staircase to the Depths.
 28877 | D:13     | Learned a level 8 spell: Maxwell's Capacitive Coupling
 29023 | Shoals:1 | Entered Level 1 of the Shoals
 29027 | Shoals:1 | Reached skill level 10 in Air Magic
 29031 | Shoals:1 | Reached skill level 1 in Shields
 29221 | Shoals:1 | Reached XP level 16. HP: 67/92 MP: 29/47
 29298 | Lair:3   | Learned a level 6 spell: Starburst
 29308 | Shoals:1 | Reached ****** piety under Vehumet
 29595 | Shoals:1 | Offered knowledge of Ozocubu's Refrigeration by Vehumet.
 30049 | Shoals:1 | Reached skill level 5 in Shields
 31949 | Shoals:3 | Offered knowledge of Eringya's Noxious Bog by Vehumet.
 31984 | Shoals:3 | Found a runed translucent door.
 32035 | Shoals:3 | Noticed Esekla's ghost (adept OpDe)
 32340 | Shoals:4 | Entered Level 4 of the Shoals
 32551 | Shoals:4 | Reached XP level 17. HP: 47/96 MP: 36/48
 33558 | Shoals:4 | Found Irotat's Antique Weapon Boutique.
 33733 | Shoals:4 | Noticed a kraken
 33744 | Shoals:4 | Offered knowledge of Orb of Destruction by Vehumet.
 33764 | Shoals:4 | Learned a level 7 spell: Orb of Destruction
 33821 | Shoals:4 | Killed a kraken
 33856 | Shoals:4 | Identified the +6 shortbow of Demonkind {freeze, rElec rN+
                  | rCorr Str+2}
 34206 | Shoals:4 | Found Vesuotor's Book Shop.
 34336 | Shoals:4 | Got a barnacled rune of Zot
 34736 | Snake:1  | Entered Level 1 of the Snake Pit
 34795 | Snake:1  | Found a glacial archway.
 34880 | IceCv    | Entered an ice cave
 35299 | IceCv    | Found an ancient bone altar of Kikubaaqudgha.
 35552 | IceCv    | Noticed a lich
 35555 | IceCv    | Killed a lich
 35624 | IceCv    | Identified the ring of the Many Priests {rF- rN+ Str+3
                  | Int+3 Slay+3}
 35770 | Snake:1  | Reached XP level 18. HP: 101/101 MP: 16/49
 36523 | Snake:1  | Offered knowledge of Ignition by Vehumet.
 36538 | Snake:1  | Noticed Azrael
 36541 | Snake:1  | Killed Azrael
 36597 | Snake:1  | Learned a level 8 spell: Ignition
 36920 | Snake:1  | Found Meite's Jewellery Emporium.
 36920 | Snake:1  | Found Kocoinuv's Book Boutique.
 36921 | Snake:1  | Found Latsoa's Jewellery Emporium.
 36943 | Snake:1  | Bought the ring of Onkuddae {rF+ rCorr} for 564 gold pieces
 37547 | Snake:2  | Reached skill level 15 in Fire Magic
 37547 | Snake:2  | Reached skill level 15 in Air Magic
 37594 | Snake:2  | Identified the +2 cloak "Rysoum" {rPois rCorr}
 37922 | Snake:3  | Found a flickering gateway to a bazaar.
 37927 | Bazaar   | Entered a bazaar
 37927 | Bazaar   | Found Pioguw's Antique Weapon Shoppe.
 38002 | Bazaar   | Found Cayni's Antique Weapon Shoppe.
 38008 | Bazaar   | Found Erphaab's Jewellery Boutique.
 38018 | Bazaar   | Found Carphuize's Distillery.
 38022 | Bazaar   | Found Gueferr's General Store.
 38046 | Bazaar   | Bought a potion of curing for 39 gold pieces
 38046 | Bazaar   | Bought a potion of curing for 39 gold pieces
 38046 | Bazaar   | Bought a potion of curing for 39 gold pieces
 38052 | Bazaar   | Bought a potion of heal wounds for 60 gold pieces
 38065 | Bazaar   | Bought the amulet "Puowkek" {RegenMP rF+ rN+ Will- RegenMP+
                  | Stlth+} for 561 gold pieces
 38110 | Snake:3  | Reached skill level 15 in Dodging
 39480 | Snake:4  | Entered Level 4 of the Snake Pit
 39506 | Snake:4  | Offered knowledge of Shatter by Vehumet.
 39506 | Snake:4  | Offered knowledge of Chain Lightning by Vehumet.
 39506 | Snake:4  | Offered knowledge of Polar Vortex by Vehumet.
 39863 | Snake:4  | Noticed Mara
 39872 | Snake:4  | Killed Mara
 39955 | Snake:4  | Noticed Vashnia
 39961 | Snake:4  | Killed Vashnia
 39982 | Snake:4  | Reached XP level 19. HP: 105/105 MP: 41/50
 40163 | Snake:4  | Identified the serpent talisman "Nufunitt" {+Blink rElec}
 40163 | Snake:4  | Noticed Aizul
 40173 | Snake:4  | Killed Aizul
 41707 | Snake:4  | Got a serpentine rune of Zot
 42045 | Vaults:1 | Entered Level 1 of the Vaults
 42868 | Vaults:1 | Reached skill level 10 in Conjurations
 42894 | Vaults:1 | Reached XP level 20. HP: 111/111 MP: 34/51
 44088 | Vaults:2 | Found Hussoona's Antique Armour Shop.
 44096 | Vaults:2 | Bought a pair of runed gloves for 217 gold pieces
 44096 | Vaults:2 | Bought a pair of glowing gloves for 217 gold pieces
 44199 | Vaults:2 | Noticed Jory
 44206 | Vaults:2 | Killed Jory
 44313 | Vaults:2 | Reached skill level 10 in Shields
 44869 | Vaults:2 | Identified the +4 robe "Degyulije" {rF+++ Will- rCorr
                  | Dex+3}
 44869 | Vaults:2 | Noticed Boris
 44873 | Vaults:2 | Killed Boris
 45233 | Vaults:3 | Found a staircase to the Crypt.
 45770 | Vaults:3 | Found Rulaocu's Weapon Emporium.
 45982 | Vaults:3 | Reached XP level 21. HP: 115/115 MP: 44/52
 46158 | Vaults:3 | Identified the +4 long sword "Fagis" {spect, rF+}
 46741 | Vaults:4 | Identified the +0 glaive of the Spider Nest {speed, *Noise
                  | Fly rF+}
 47124 | Vaults:4 | Reached skill level 15 in Conjurations
 47334 | Vaults:4 | Noticed Mennas
 47338 | Vaults:4 | Killed Mennas
 48417 | Elf:1    | Entered Level 1 of the Elven Halls
 49007 | Elf:1    | Paralysed by an air elemental for 1 turns
 49139 | Elf:1    | Noticed Norris
 49144 | Elf:1    | Killed Norris
 49160 | Elf:1    | Noticed Frances
 49274 | Elf:1    | Killed Frances
 49886 | Elf:2    | Found Dyulamy's Magic Scroll Shoppe.
 49895 | Elf:2    | Bought a scroll of blinking for 105 gold pieces
 49895 | Elf:2    | Bought 3 scrolls of blinking for 315 gold pieces
 49895 | Elf:2    | Bought a scroll of teleportation for 42 gold pieces
 49895 | Elf:2    | Bought a scroll of teleportation for 42 gold pieces
 49895 | Elf:2    | Bought a scroll of fog for 56 gold pieces
 49899 | Elf:2    | Found Saumem's Superlative Supplies.
 49955 | Elf:2    | Found a runed translucent gate.
 49955 | Elf:2    | Found a runed translucent gate.
 49956 | Elf:2    | Found a runed translucent gate.
 50365 | Elf:3    | Entered Level 3 of the Elven Halls
 50563 | Elf:3    | Found a runed translucent gate.
 50563 | Elf:3    | Found a runed translucent gate.
 50564 | Elf:3    | Found a runed translucent gate.
 50566 | Elf:3    | Noticed Triskal's ghost (adept TrGl)
 50759 | Elf:3    | Reached XP level 22. HP: 91/120 MP: 25/53
 51274 | Elf:3    | Paralysed by an air elemental for 1 turns
 51283 | Elf:3    | Killed Triskal's ghost
 51353 | Elf:3    | Identified the +1 cloak of the Ditch-Digger {rPois rF+ rN+}
 51354 | Elf:3    | Identified the +2 cloak of Lucidity {^Drain rElec Str+4}
 51449 | Elf:3    | Identified the orb of Yesterday {*channel, Dex+3}
 51489 | Elf:3    | Identified the +8 great sword "Elf's Doom" {distort, *Rage
                  | rElec Will+ Int+4}
 51637 | Elf:3    | Identified the staff of Ylois {rElec Stlth+ Air}
 51725 | Elf:3    | Acquired 855 gold pieces
 52060 | Snake:1  | Bought the amulet of the Four Winds {rN+ Will+++ Clar} for
                  | 1153 gold pieces
 52060 | Snake:1  | Found the amulet of the Four Winds {rN+ Will+++ Clar}
 52164 | Snake:1  | Learned a level 9 spell: Chain Lightning
 52249 | Slime:1  | Entered Level 1 of the Pits of Slime
 52394 | Slime:1  | Found a viscous altar of Jiyva.
 53008 | Slime:5  | Entered Level 5 of the Pits of Slime
 53033 | Slime:5  | Noticed the Royal Jelly
 53235 | Slime:3  | Reached skill level 15 in Shields
 54011 | Slime:5  | Found the +2 hood of the Assassin {Detect Stab+ Stlth++}
 54156 | Slime:5  | Found a viscous altar of Jiyva.
 54219 | Slime:5  | Killed the Royal Jelly
 54467 | Slime:5  | Identified the ring "Womi" {rElec rPois rC+ AC+4 SInv}
 54472 | Slime:5  | Got a slimy rune of Zot
 54524 | Slime:5  | Identified the +0 dagger "Kuagryp" {pain, +Blink Str+2}
 54543 | Slime:5  | Identified the +1 scale mail of Vlad {+Inv Str+2 Int-3
                  | Dex+3}
 54555 | Slime:5  | Identified the +1 orcbow of Welfare {elec, rF+}
 54580 | Slime:4  | Acquired the ring "Amasograud" {rPois rF+ Will+ rCorr
                  | Dex+2}
 54843 | Depths:1 | Entered Level 1 of the Depths
 55267 | Depths:1 | Noticed a caustic shrike
 55272 | Depths:1 | Killed a caustic shrike
 55273 | Depths:1 | Reached XP level 23. HP: 99/124 MP: 35/54
 56068 | Depths:1 | You fall into a shaft and drop 1 floor!
 56184 | Depths:2 | Noticed Nikola
 56187 | Depths:2 | Killed Nikola
 56651 | Depths:2 | Found a one-way gate leading to the halls of Pandemonium.
 56786 | Depths:2 | Noticed Asterion
 56790 | Depths:2 | Killed Asterion
 57495 | Depths:1 | Found a gateway to Hell.
 57875 | Depths:1 | Found a one-way gate to the infinite horrors of the Abyss.
 58592 | Depths:2 | Identified the +2 war axe of Sudden Death {elec, rC+ Will+
                  | Stlth+}
 59176 | Depths:3 | Identified the orb of Pidukk {*channel, Harm Summ}
 59176 | Depths:3 | Noticed Frederick
 59180 | Depths:3 | Killed Frederick
 59194 | Depths:3 | Found a corrupted altar of Lugonu.
 59557 | Depths:2 | Identified the +1 ring mail of the Other World {rN+}
 59681 | Depths:3 | Found a one-way gateway to a ziggurat.
 59904 | Depths:3 | Identified the staff "Ifrofuhofi" {rC+++ rN+ Int+2 Dex+2
                  | Stlth+ Necro}
 60242 | Depths:3 | Identified the +7 long sword of Xom's Pride {speed, Dex+3}
 60256 | Depths:3 | Reached XP level 24. HP: 104/130 MP: 24/54
 60682 | Depths:3 | Learned a level 9 spell: Fire Storm
 60685 | Depths:4 | Entered Level 4 of the Depths
 60822 | Depths:4 | Found Xeytwem's General Store.
 60834 | Depths:4 | Bought 2 potions of heal wounds for 230 gold pieces
 60834 | Depths:4 | Bought a scroll of enchant armour for 172 gold pieces
 61177 | Depths:4 | Noticed a juggernaut
 61181 | Depths:4 | Killed a juggernaut
 61897 | Depths:4 | Found a gate to the Realm of Zot.
 62010 | Depths:4 | Found a faded altar of an unknown god.
 63269 | Zot:1    | Entered Level 1 of the Realm of Zot
 63276 | Zot:1    | Noticed Parghit
 63285 | Zot:1    | Killed Parghit
 63413 | Zot:1    | HP: 5/130 [poisoned by a yellow draconian annihilator
                  | (poison arrow)]
 64075 | Zot:1    | Identified the +7 dagger "Naiqol" {elec, *Slow rElec
                  | Will+++ Int+3}
 64694 | Zot:2    | Identified the +2 scale mail of the Apprentice {*Corrode
                  | rPois Str+2 SInv}
 65012 | Zot:2    | Reached XP level 25. HP: 125/134 MP: 39/54
 66063 | Zot:3    | Noticed a Killer Klown
 66916 | Zot:3    | Identified the staff of True Grit {rElec rC+ MP+9 Int+3
                  | Conj Air}
 66988 | Zot:3    | Killed a Killer Klown
 67841 | Zot:4    | Noticed Herr's ghost (veteran MiBe)
 67878 | Zot:4    | Noticed an orb of fire
 67881 | Zot:4    | Gained mutation: Your spells are a little easier to cast,
                  | but a little less powerful. [an orb of fire]
 67882 | Zot:4    | Killed an orb of fire
 68100 | Zot:4    | Noticed a Killer Klown
 68104 | Zot:4    | Killed a Killer Klown
 68204 | Zot:4    | Identified the +2 cloak of the Eternal Fruit {Will++}
 68205 | Zot:4    | Found a bloodstained altar of Trog.
 68215 | Zot:4    | Found a transporter.
 68220 | Zot:4    | Found a transporter.
 68227 | Zot:4    | Identified the -2 cloak of Poor Excuses {rF- rC++ Regen+
                  | rCorr}
 68237 | Zot:4    | Identified the +3 mace of Understanding {antimagic, Fly rC+
                  | rN+ Dex+4}
 68871 | Zot:5    | Entered Level 5 of the Realm of Zot
 69384 | Zot:5    | Noticed an orb of fire
 69390 | Zot:5    | Killed an orb of fire
 69391 | Zot:5    | Noticed a dread lich
 69397 | Zot:5    | Killed a dread lich
 69397 | Zot:5    | Noticed an ancient lich
 69400 | Zot:5    | Noticed an orb of fire
 69407 | Zot:5    | Killed an orb of fire
 69410 | Zot:5    | Killed an ancient lich
 69675 | Zot:5    | Noticed an orb of fire
 69684 | Zot:5    | Lost mutation: Your spells are a little easier to cast, but
                  | a little less powerful. [potion of mutation]
 69684 | Zot:5    | Gained mutation: You have sharp toenails. [potion of
                  | mutation]
 69684 | Zot:5    | Gained mutation: You possess an exceptional clarity of
                  | mind. [potion of mutation]
 69684 | Zot:5    | Gained mutation: You have supernaturally acute eyesight.
                  | (SInv) [potion of mutation]
 69713 | Zot:5    | Noticed a dread lich
 69719 | Zot:5    | Noticed a dread lich
 69721 | Zot:5    | Killed a dread lich
 69721 | Zot:5    | Noticed a Killer Klown
 69724 | Zot:5    | Killed a dread lich
 69725 | Zot:5    | Reached XP level 26. HP: 126/144 MP: 29/54
 69726 | Zot:5    | Gained mutation: Your health recovers twice as slowly from
                  | being drained. [an orb of fire]
 69733 | Zot:5    | Killed an orb of fire
 70100 | Zot:5    | Reached skill level 10 in Fighting
 70121 | Zot:5    | Noticed an orb of fire
 70126 | Zot:5    | Killed an orb of fire
 70293 | Zot:5    | Noticed a dread lich
 70298 | Zot:5    | Killed a dread lich
 70382 | Zot:5    | Noticed a dread lich
 70388 | Zot:5    | Killed a dread lich
 70712 | Zot:5    | Got the Orb of Zot
 70963 | Depths:2 | Noticed Ruarimp the pandemonium lord
 71228 | D:$      | Escaped with the Orb!

Illustrated notes

Levels and vault maps discovered:
D:1:      dpeg_arrival_chambers_temple_mockup, layout_basic, serial_shops,
          nicolae_shop_tiny_waterfront
D:2:      layout_basic, minmay_lizard_pond, uniq_robin, uniq_jessica
D:3:      layout_basic, nicolae_figureground_sparkle
D:4:      layout_loops_cross, kennysheep_mini, mainiacjoe_overflow_alcove_4,
          okawaru_altar_gauntlet_db, nicolae_shop_i_like_big_books
D:5:      layout_basic, nicolae_elyvilon_temple_path
D:6:      minmay_skewed_foursquare, layout_basic, nicolae_sif_muna_condensation,
          chequers_jeans, serial_bayou_pond_b, kennysheep_dice, uniq_grinder,
          uniq_pikel
D:7:      layout_layer_cave, minmay_temple_entry_poolview, enter_bailey_8,
          dilly_guarded_unrand_throatcut
D:8:      layout_cave_pools, lemuel_round_altar, grunt_qazlal_clouds,
          nrook_loot_triangle, nicolae_two_hexagons
D:9:      layout_basic, nicolae_overflow_quartered_altars,
          minmay_fractal_squares_diagonal_5, uniq_maggie, uniq_erolcha
D:10:     layout_basic, nicolae_tso_swordbearing_angel, david_lair_shrubbed,
          minmay_joined_circles, uniq_fannar, uniq_snorg, uniq_maurice
D:11:     minmay_the_grid_octo_tiled_octocenter_mashed
          [minmay_the_grid_octo_vomiting_pacman,
          minmay_the_grid_octo_tetromino_candy, minmay_the_grid_octo_teeth,
          minmay_the_grid_octo_concentric,
          minmay_the_grid_octo_prize_ultimate_mussel_roller,
          minmay_the_grid_square_5x5_minivault,
          minmay_the_grid_square_5x5_detours, minmay_the_grid_square_5x5_inset,
          minmay_the_grid_square_5x5_fancy_junction], layout_irregular_city,
          kennysheep_generic_room_6, uniq_lodul, uniq_harold
D:12:     minmay_slanted_spiral_squares, layout_loops_ring, orc_0_dummy,
          serial_shops, nicolae_diamond_shop
D:13:     layout_small_grid, hellmonk_vaults_keyhole, uniq_nessos
D:14:     layout_rooms, abandoned_shop, kennysheep_cross_room, uniq_josephine
D:15:     gammafunk_enter_depths_forms, layout_irregular_city,
          roderic_serpentine_path, uniq_jorgrun, uniq_agnes
Temple:   cyrus_temple_forest
Lair:1:   layout_regular_city, grunt_megastairs_1, infiniplex_staircase_pool
Lair:2:   layout_regular_city, minmay_snake_entry_spellcaster,
          grunt_megastairs_3, lemuel_fruit_fields, uniq_amaemon
Lair:3:   layout_roguey, minmay_shoals_entry_beasts, minmay_lair_oklob_bushes
Lair:4:   layout_hall_layers, slime_entry_1, uniq_urug
Lair:5:   grunt_lair_end_beastmaster, layout_misc_corridors, minivault_19,
          chequers_serial_rivers_marsh, serial_bayou_shore_b,
          grunt_megastairs_5, lemuel_fruit_fields
Shoals:1: layout_shoals, nicolae_shoals_the_drawing_of_the_three
Shoals:2: cheibrodos_shoals_oceanic_diplomacy, layout_shoals
Shoals:3: layout_shoals, ebering_ghost_reflecting_pool,
          nicolae_shoals_water_booths
Shoals:4: shoals_end_simple, layout_shoals, serial_shops, shop, shop,
          argonaut_gorgonesque
Snake:1:  layout_cave_shapes, portal_ice_cave_entry_dragon,
          nicolae_snake_gridmaze_zigzag, minmay_shop_grove, uniq_azrael
Snake:2:  layout_gridlike, statue_in_the_mist_lemuel
Snake:3:  layout_chambers, serial_shops, bzr_entry_dummy, st_stairs_6,
          hangedman_snake_pattern
Snake:4:  grunt_snake_rune_spirals, layout_concentric_octagons, drop_trap,
          uniq_aizul, uniq_mara, uniq_vashnia
Slime:1:  layout_caves, basic_altar
Slime:2:  layout_caves, nicolae_slime_rock_hall_of_fame
Slime:3:  layout_caves
Slime:4:  layout_caves, uniq_dissolution
Slime:5:  slime_pit_nicolae_jellycorners
Orc:1:    layout_diamond_mine
Orc:2:    grunt_orc_tribal_feast, layout_caves, serial_shops, shop,
          nicolae_orc_rockfall, nicolae_shop_self_help
Elf:1:    layout_loops_corners, hangedman_elf_disciples, minmay_misc_feat_cross,
          uniq_frances, uniq_norris
Elf:2:    nicolae_elf_blades_splatter_lattice [infiniplex_blade_entry_pillars],
          layout_loops_ring, serial_glass, glass_columns_a, glass_columns_a,
          serial_shops, shop_scrolls, nicolae_alphabet_shops,
          small_chamber_with_monster, hangedman_elven_ridges
Elf:3:    minmay_elf_hall_x, layout_loops_cross, gammafunk_ghost_tricky_traps
Vaults:1: v_misc_8, grunt_vaults_twisty, nicolae_vaults_fighting_squares,
          nicolae_vaults_closet_pinwheel_2, ontoclasm_vaults_eye,
          ontoclasm_vaults_ring_square, nicolae_vaults_wrenched, v_misc_22,
          dpeg_vaults_monster_row, layout_vaults_ring
Vaults:2: nicolae_vaults_what_the_h, hangedman_vaults_impose,
          nicolae_vaults_storage_closets_1, nicolae_vaults_quartermaster,
          vaults_mumra_hex, vaults_room_grid, nicolae_vaults_tetromino_Z_2,
          nicolae_vaults_gold_heap, vaults_standard_mumra_x,
          layout_vaults_omnicross, serial_shops, shop, uniq_boris, uniq_jory
Vaults:3: minmay_crypt_entry_simple_sparse, dpeg_vaults_waves,
          nicolae_vaults_wine_cellar, hangedman_vaults_restitches,
          vaults_room_hallway, nicolae_vaults_little_squares_1,
          nicolae_vaults_trapezoid_lopsided_1, nicolae_vaults_house_1, v_misc_5,
          nicolae_vaults_double_plus_2, vaults_room_hallway, v_misc_16,
          v_alt_pattern_6, nicolae_vaults_taking_the_gang_shopping,
          layout_vaults_omnibox
Vaults:4: nicolae_vaults_network_quincunx
          [nicolae_vaults_network_quincunx_subvault,
          nicolae_vaults_network_quincunx_subvault,
          nicolae_vaults_network_quincunx_subvault,
          nicolae_vaults_network_quincunx_subvault,
          nicolae_vaults_network_quincunx_subvault],
          ontoclasm_vaults_ring_square, vaults_dpeg_encased_lava,
          serial_library_hellmonk_reading_circle, vaults_room_semicircle,
          ontoclasm_vaults_decontamination, grunt_vaults_diagonal,
          nicolae_vaults_frosty_reception, nicolae_vaults_apartment_2,
          v_alt_pattern_6, ontoclasm_vaults_idyll, nicolae_vaults_weapon_check,
          nicolae_vaults_sealed_display, layout_vaults_omnigrid, uniq_mennas,
          uniq_margery
Depths:1: hangedman_cross_veins, layout_basic, interstate_on_off, abyss_entry,
          pf_hell_entry_tar_spiral
Depths:2: minmay_chopped_fan, layout_honeycomb, abyss_entry,
          grunt_hell_entry_dis_mu, grunt_pan_entry_zigzag,
          infiniplex_staircase_zigzag_4, uniq_nikola, uniq_asterion
Depths:3: nicolae_terramorphic_expanse [nicolae_terramorphic_quarter,
          nicolae_terramorphic_quarter, nicolae_terramorphic_quarter,
          nicolae_terramorphic_quarter, nicolae_terramorphic_quarter,
          nicolae_terramorphic_biome, nicolae_terramorphic_biome,
          nicolae_terramorphic_biome, nicolae_terramorphic_biome],
          layout_cave_pools, enter_ziggurat_a, abyss_entry_flame_altar,
          grunt_hell_horde, uniq_frederick
Depths:4: regret_index_infernal_bastille, layout_gridlike, serial_shops, shop,
          pf_dread_powers_of_hell, serial_bayou_pond_d,
          chequers_serial_rivers_large_a, serial_bayou_shore_b
Zot:1:    layout_twisted_circle, uniq_parghit
Zot:2:    layout_basic
Zot:3:    layout_misc_corridors, regret_index_zotdec_onion_hex
Zot:4:    layout_twisted_circle, regret_index_zotdec_decaying_basic,
          gammafunk_ghost_wrathful_warriors
Zot:5:    layout_misc_corridors

Skill      XL: |  1  2  3  4  5  6  7  8  9 10 11 12 13 14 15 16 17 18 19 20 21 22 23 24 25 26 |
---------------+-------------------------------------------------------------------------------+-----
Spellcasting   | 4 5 6 7 9 11 12 14 15 18 22 25 | 25.0
Conjurations   | 5 6 7 8 9 10 14 17 18 20 22 24 | 24.0
Dodging        | 4 7 9 11 14 16 17 | 17.0
Fire Magic     | 3 6 8 9 12 14 16 18 19 20 21 | 21.7
Alchemy        | 2 6 8 |  8.0
Fighting       | 1 4 5 7 8 11 | 11.6
Air Magic      | 1 4 10 12 14 16 18 20 21 22 | 22.0
Shields        | 1 8 11 13 15 17 18 | 18.0
Stealth        | |  2.4

Action                     |  1- 3 |  4- 6 |  7- 9 | 10-12 | 13-15 | 16-18 | 19-21 | 22-24 | 25-27 || total
---------------------------+-------+-------+-------+-------+-------+-------+-------+-------+-------++-------
  Melee: Dagger            |       |       |     8 |       |       |       |       |       |       ||     8
         Long sword        |       |       |     4 |    32 |    47 |       |       |       |       ||    83
         Staff             |       |       |       |       |     1 |       |     3 |     8 |     2 ||    14
   Cast: Magic Dart        |    78 |   127 |    85 |   305 |     5 |       |       |       |       ||   600
         Searing Ray       |       |     6 |    43 |    41 |     1 |       |       |       |       ||    91
         Fulminant Prism   |       |     2 |     8 |    66 |     6 |       |       |       |       ||    82
         Flame Wave        |       |       |    10 |     4 |       |       |       |       |       ||    14
         Irradiate         |       |       |       |    28 |    27 |    16 |    19 |    27 |     3 ||   120
         Iskenderun's Myst |       |       |       |    17 |     6 |     3 |       |     2 |       ||    28
         Sticky Flame      |       |       |       |    16 |     9 |       |       |       |       ||    25
         Mephitic Cloud    |       |       |       |    12 |     3 |     2 |       |       |       ||    17
         Fireball          |       |       |       |    32 |   436 |   295 |    25 |    12 |     2 ||   802
         Apportation       |       |       |       |       |     2 |       |       |       |       ||     2
         Plasma Beam       |       |       |       |       |    54 |   272 |   443 |   367 |   118 ||  1254
         Stone Arrow       |       |       |       |       |    10 |    50 |    21 |    30 |    13 ||   124
         Starburst         |       |       |       |       |       |    12 |     5 |       |       ||    17
         Maxwell's Capacit |       |       |       |       |       |    11 |    32 |    92 |    56 ||   191
         Orb of Destructio |       |       |       |       |       |     9 |     2 |     8 |       ||    19
         Ignition          |       |       |       |       |       |     2 |    30 |    72 |    21 ||   125
         Chain Lightning   |       |       |       |       |       |       |       |     6 |    11 ||    17
         Fire Storm        |       |       |       |       |       |       |       |       |     3 ||     3
  Evoke: Wand              |       |       |     1 |       |       |     3 |       |     6 |       ||    10
         Phantom mirror    |       |       |       |     1 |       |       |       |       |       ||     1
         Sack of spiders   |       |       |       |       |       |       |       |     1 |       ||     1
         Lightning rod     |       |       |       |       |       |       |       |     2 |       ||     2
         Phial of floods   |       |       |       |       |       |       |       |     1 |       ||     1
         Condenser vane    |       |       |       |       |       |       |       |     1 |       ||     1
    Use: Scroll            |       |       |     9 |    12 |    13 |    10 |     3 |    11 |     7 ||    65
         Potion            |       |       |     2 |       |       |     3 |       |     3 |     3 ||    11
 Armour: Robe              |     2 |    22 |    32 |   112 |    88 |    89 |       |       |       ||   345
         Skin              |       |       |    21 |       |       |       |       |       |       ||    21
         Leather armour    |       |       |       |       |       |    34 |    87 |   130 |    66 ||   317
  Dodge: Dodged            |     2 |    25 |    47 |   113 |   103 |    76 |    61 |    76 |    32 ||   535
  Block: Buckler           |       |       |       |       |     2 |    37 |    11 |       |       ||    50
         Kite shield       |       |       |       |       |       |       |    53 |    85 |    35 ||   173
         Reflection        |       |       |       |       |       |       |    17 |     7 |       ||    24

Table legend: (Time is in decaauts)
 A = Elapsed time spent in this place.
 B = Non-inter-level travel time spent in this place.
 C = Inter-level travel time spent in this place.
 D = Time resting spent in this place.
 E = Time spent auto-exploring this place.
 F = Levels seen in this place.
 G = Mean time per level.
                   A        B        C        D        E       F      G
               +--------+--------+--------+--------+--------+-----+--------+
         Total |  71603 |  65976 |   5627 |   1912 |  53466 |  55 | 1301.9 |
       Dungeon |  19208 |  17332 |   1876 |    278 |  14433 |  15 | 1280.5 |
        Temple |     67 |      2 |     65 |      0 |      0 |   1 |   67.0 |
          Lair |   8080 |   7235 |    845 |    203 |   6010 |   5 | 1616.0 |
        Shoals |   5718 |   5254 |    464 |    631 |   3746 |   4 | 1429.5 |
     Snake Pit |   6344 |   5723 |    621 |     80 |   4525 |   4 | 1586.0 |
    Slime Pits |   2371 |   2249 |    122 |    274 |   1557 |   5 |  474.2 |
  Orcish Mines |   1728 |   1437 |    291 |      0 |   1156 |   2 |  864.0 |
   Elven Halls |   3321 |   3156 |    165 |      3 |   2576 |   3 | 1107.0 |
        Vaults |   6276 |   5875 |    401 |    163 |   4850 |   4 | 1569.0 |
        Depths |   8894 |   8440 |    454 |    124 |   7221 |   4 | 2223.5 |
           Zot |   7176 |   6857 |    319 |    147 |   5711 |   5 | 1435.2 |
        Bazaar |    176 |    176 |      0 |      0 |    103 |   1 |  176.0 |
        Bailey |   1392 |   1392 |      0 |      9 |   1068 |   1 | 1392.0 |
      Ice Cave |    845 |    845 |      0 |      0 |    507 |   1 |  845.0 |
               +--------+--------+--------+--------+--------+-----+--------+

Top non-repeatable levels by time:
Depths:4: 3020 daAuts
 Snake:4: 2312 daAuts
Depths:2: 2266 daAuts
Depths:1: 2206 daAuts
   Zot:2: 1909 daAuts
   Zot:5: 1884 daAuts
Vaults:1: 1864 daAuts
  Lair:5: 1856 daAuts
     D:6: 1809 daAuts
     D:9: 1799 daAuts
    D:10: 1767 daAuts
 Snake:1: 1742 daAuts
Vaults:4: 1722 daAuts
  Lair:4: 1651 daAuts
     D:7: 1647 daAuts
